 Dungeon Crawl Stone Soup version 0.20-a0-1089-g3fde505 (webtiles) character file.

825 Jarlath the Magician (level 7, -3/36 HPs)
             Began as a Deep Elf Ice Elementalist on May 3, 2017.
             Was a Believer of Vehumet.
             Slain by an ice beast (11 damage)
             ... on level 4 of the Dungeon.
             The game lasted 00:06:03 (5957 turns).

Jarlath the Magician (Deep Elf Ice Elementalist)    Turns: 5957, Time: 00:06:04

Health: -3/36      AC:  3    Str:  5    XL:     7   Next: 64%
Magic:  0/18       EV: 13    Int: 28    God:    Vehumet [**....]
Gold:   247        SH:  0    Dex: 17    Spells: 6/19 levels left

rFire    . . .     SeeInvis .   j - +2 hand axe (freeze)
rCold    . . .     Gourm    .   (no shield)
rNeg     . . .     Faith    .   a - +0 robe
rPois    +         Spirit   .   (no helmet)
rElec    .         Reflect  .   p - +0 cloak (curse)
rCorr    .         Harm     .   (no gloves)
MR       .....                  (no boots)
Stlth    +++.......             (no amulet)
Regen    0.2/turn               c - +6 ring of intelligence
MPRegen  0.2/turn               (no ring)

@: no status effects
A: thin skeletal structure 1, poison resistance, screaming 1
a: Renounce Religion


You were on level 4 of the Dungeon.
You worshipped Vehumet.
Vehumet was pleased with you.
You were very hungry.

You visited 1 branch of the dungeon, and saw 5 of its levels.

You collected 247 gold pieces.

Inventory:

Hand Weapons
 j - a +2 hand axe of freezing (weapon)
Armour
 a - a +0 robe (worn)
 p - a cursed +0 cloak (worn)
Jewellery
 c - a +6 ring of intelligence (left hand)
Scrolls
 d - 2 scrolls of noise {unknown}
 e - a scroll of remove curse
 g - a scroll of amnesia
 i - a scroll of recharging {unknown}
 n - a scroll of fear
 q - 3 scrolls of identify
 r - 2 scrolls of teleportation
 t - a scroll of blinking {unknown}
Potions
 o - a potion of cancellation
Books
 b - a book of Frost

   Spells                             Type                      Level
   a - Freeze                         Ice                          1
   b - Throw Frost                    Conjuration/Ice              2
   c - Ozocubu's Armour               Charms/Ice                   3
   d - Throw Icicle                   Conjuration/Ice              4
   e - Summon Ice Beast               Ice/Summoning                4
 k - Sif Muna's Reference Book on the Escort
   (You found it on level 2 of the Dungeon)

   Spells                             Type                      Level
   a - Summon Butterflies             Summoning                    1
Comestibles
 f - a royal jelly
 h - a fruit
 l - 3 meat rations


   Skills:
 - Level 2.4 Dodging
 - Level 2.4 Stealth
 * Level 6.5 Spellcasting
 + Level 5.7 Conjurations
 * Level 6.5 Ice Magic


You had 6 spell levels left.
You knew the following spells:

 Your Spells              Type           Power        Failure   Level  Hunger
a - Freeze                Ice            ####         1%          1    None
b - Summon Butterflies    Summ           #.......     6%          1    None
c - Ozocubu's Armour      Chrm/Ice       ####....     4%          3    None
d - Throw Icicle          Conj/Ice       #####...     4%          4    ###....
e - Summon Ice Beast      Ice/Summ       ####....     14%         4    ###....


Dungeon Overview and Level Annotations

Branches:
Dungeon (5/15)
 Temple: D:4-7

Altars:
Gozag
Kikubaaqudgha
Nemelex Xobeh
Okawaru
Qazlal
Sif Muna
Vehumet
Wu Jian
The Shining One


Innate Abilities, Weirdness & Mutations

You have a somewhat thin skeletal structure. (Dex +2, Stealth)
Your system is resistant to poisons. (rPois)
You occasionally shout uncontrollably at your foes.


Message History

Confirm with . or Enter, or press ? or * to list all spells.
Aiming: Throw Icicle
Press: ? - help, Shift-Dir - straight line, f/p - ice beast
Aim: an ice beast (severely wounded)
The shard of ice hits the ice beast.
The ice beast is severely wounded.
The ice beast hits you but does no damage.
The ice beast hits you. The ice beast freezes you.
* * * LOW HITPOINT WARNING * * *
Casting: Throw Icicle
Confirm with . or Enter, or press ? or * to list all spells.
Aiming: Throw Icicle
Press: ? - help, Shift-Dir - straight line, f/p - ice beast
Aim: an ice beast (heavily wounded)
The shard of ice hits the ice beast.
The ice beast is severely wounded.
The ice beast hits you.
* * * LOW HITPOINT WARNING * * *
The ice beast freezes you!
You die...

###
#.##########
#..........#
#.########@#
#.# #Y# #.#
#.# #.# #.#
#.# #.#
#.########.#
#..........#
#########..#
#..#


You could see an ice beast.

Vanquished Creatures
  A phantom (D:5)
  An ogre (D:5)
  The ghost of silverhex the Cudgeler, an amateur MiGl of Zin (D:4)
  2 scorpions (D:4)
  A crimson imp (D:5)
  The ghost of Jarlath the Chiller, a weakling DEIE (D:3)
  An orc priest (D:4)
  Crazy Yiuf (D:3)
  A hound (D:5)
  3 orc wizards (D:5)
  Terence (D:2)
  A worker ant (D:4)
  A hound skeleton (D:5)
  A gnoll (D:1)
  4 adders
  An ooze (D:2)
  An adder skeleton (D:5)
  3 worms
  5 leopard geckos
  8 orcs
  2 giant cockroaches
  11 goblins
  10 hobgoblins
  9 jackals
  10 kobolds
  5 quokkas
  A ball python skeleton (D:4)
  9 bats
  2 frilled lizards (D:2)
  A jackal skeleton (D:4)
  A leopard gecko skeleton (D:4)
  12 rats
112 creatures vanquished.

Notes
Turn   | Place    | Note
-------+----------+-------------------------------------------
     0 | D:1      | Jarlath the Deep Elf Ice Elementalist began the quest for the Orb.
     0 | D:1      | Reached XP level 1. HP: 10/10 MP: 6/6
    64 | D:1      | Reached XP level 2. HP: 8/15 MP: 4/8
   438 | D:2      | Noticed Terence
   553 | D:1      | Reached XP level 3. HP: 19/19 MP: 8/10
  1047 | D:2      | Killed Terence
  1047 | D:2      | Reached XP level 4. HP: 12/24 MP: 4/12
  1427 | D:2      | Found an ancient bone altar of Kikubaaqudgha.
  1427 | D:2      | Found a deep blue altar of Sif Muna.
  1429 | D:2      | Found a radiant altar of Vehumet.
  1434 | D:2      | Identified Sif Muna's Reference Book on the Escort
  1443 | D:2      | Became a worshipper of Vehumet
  1446 | D:2      | Learned a level 1 spell: Summon Butterflies
  1494 | D:2      | Learned a level 3 spell: Ozocubu's Armour
  1601 | D:2      | Learned a level 4 spell: Throw Icicle
  1684 | D:2      | Gained mutation: Your system is resistant to poisons. (rPois) [potion of mutation]
  1684 | D:2      | Gained mutation: You occasionally shout uncontrollably at your foes. [potion of mutation]
  1684 | D:2      | Gained mutation: You have a somewhat thin skeletal structure. (Dex +2, Stealth) [potion of mutation]
  1703 | D:2      | Reached skill level 5 in Ice Magic
  2048 | D:3      | Found a runed door.
  2125 | D:3      | Found a stormy altar of Qazlal.
  2131 | D:3      | Reached skill level 5 in Spellcasting
  2131 | D:3      | Reached XP level 5. HP: 12/28 MP: 10/14
  2467 | D:3      | Found an opulent altar of Gozag.
  2472 | D:3      | Found a sparkling altar of Nemelex Xobeh.
  2475 | D:3      | Found an ornate altar of the Wu Jian Council.
  2561 | D:3      | Reached * piety under Vehumet
  2561 | D:3      | Offered knowledge of Sandblast by Vehumet.
  2659 | D:3      | Found a glowing golden altar of the Shining One.
  2728 | D:3      | Noticed Jarlath's ghost (weakling DEIE)
  3420 | D:4      | Found an iron altar of Okawaru.
  3450 | D:4      | Reached XP level 6. HP: 14/32 MP: 0/15
  3813 | D:4      | Noticed silverhex's ghost (amateur MiGl)
  3837 | D:3      | Killed Jarlath's ghost
  4004 | D:3      | Noticed Crazy Yiuf
  4006 | D:3      | Killed Crazy Yiuf
  4224 | D:4      | Killed silverhex's ghost
  4443 | D:5      | Entered Level 5 of the Dungeon
  4693 | D:4      | Reached skill level 5 in Conjurations
  4750 | D:5      | Reached XP level 7. HP: 24/36 MP: 5/17
  4844 | D:5      | Offered knowledge of Searing Ray by Vehumet.
  4849 | D:5      | Reached ** piety under Vehumet
  5168 | D:4      | Learned a level 4 spell: Summon Ice Beast
  5957 | D:4      | Slain by an ice beast

Vault maps used:
D:1:      minmay_arrival_split_and_join
D:2:      grunt_temple_overflow_magic_moments, uniq_terence
D:3:      grunt_temple_overflow_cloverleaf, tso_oasis_becter,
          uniq_crazy_yiuf_cottage
D:4:      first_bread, kennysheep_okawaru_gauntlet
D:5:      nicolae_ossuary_entry_ruins, corexii_shack, serial_bayou_pond_d,
          roderic_lattice_a

Skill      XL: |  1  2  3  4  5  6  7 |
---------------+----------------------+-----
Ice Magic      | 4 5 6 |  6.5
Spellcasting   | 4 5 6 |  6.5
Conjurations   | 2 5 |  5.7
Dodging        | |  2.4
Stealth        | |  2.4

Action                   |  1- 3 |  4- 6 |  7- 9 || total
-------------------------+-------+-------+-------++-------
Melee: Unarmed           |    12 |       |       ||    12
       Hand axe          |       |   103 |    23 ||   126
 Cast: Freeze            |    47 |    25 |     2 ||    74
       Ozocubu's Armour  |       |     1 |       ||     1
       Throw Icicle      |       |    25 |    23 ||    48
       Summon Butterflie |       |     1 |     1 ||     2
  Use: Scroll            |       |    10 |       ||    10
       Potion            |       |     8 |     2 ||    10
 Stab: Sleeping          |     1 |     4 |     1 ||     6
  Eat: Chunk             |       |     6 |     1 ||     7
       Bread ration      |       |     3 |       ||     3
Armor: Robe              |     6 |    19 |     4 ||    29
Dodge: Dodged            |    41 |   104 |    18 ||   163
